Unix NetHack Version 5.0.0-0 post-release - last build Jun 10 2026 00:39:30 (3ee93aec679c4c4259841fe613dc97188e26a321,branch:main).

Game began 2026-06-25 13:38:40, ended 2026-06-25 15:01:08.

DiePARTEI, neutral male human Tourist

                            -------     -------
                            |.....|--   |..|.>|
                            |.....+.|   |.....|
                          --|.....|-|   |.--.---
                          |.+.....+.|  --.|....----
                          |.|.....|-| --..|.......|
                          |.|.....+.| |[..|---*...|
                          |.|.....|-- |...|..|....|
                          |.|------   |...|.......|
                          |.|        --......|...*--
                          |.|        |....|..|.....|
                          |.|        |....|--|..)..|
                          |.|        |...--  --[|..|
                          |.|        -----    |.----
                          |0-------------------.%|
                          |@g).)..............^..|
                          ------------------------

DiePARTEI the Excursionist  St:25 Dx:8 Co:16 In:10 Wi:11 Ch:14  Neutral
Dlvl:6  $:66 HP:0(72) Pw:42(42) AC:0  Xp:9 T:7150  Burdened

Latest messages:
 My, this is a yummy slime mold!
 What do you want to use or apply? [bcfglpqs-vFLOQRVZ or ?*] R
 R - an uncursed pick-axe (weapon in right hand).
 You have no secondary weapon readied.
 In what direction do you want to dig? [9>] 9
 You start hitting the boulder.
 You hit the boulder with all your might.
 You hear a jackal howling at the moon.
 The boulder falls apart.
 You are empty handed.
 R - an uncursed pick-axe (alternate weapon; not wielded).
 With great effort you move the boulder.
 You see here 62 rocks.
 With great effort you move the boulder.
 The boulder suddenly rolls away from you!
 You hear a boulder fall.
 Click!  You trigger a rolling boulder trap!
 No boulder was released.
 The winged gargoyle drinks a potion of gain level!
 The winged gargoyle seems more experienced.
 In what direction? 6
 You throw 2 darts.
 The 1st dart hits the winged gargoyle!
 The 2nd dart misses the winged gargoyle.
 In what direction? 6
 You throw 2 darts.
 The 1st dart misses the winged gargoyle.
 The 2nd dart misses the winged gargoyle.
 In what direction? 6
 The dart hits the winged gargoyle!
 The winged gargoyle hits!
 The winged gargoyle hits again!
 The winged gargoyle bites!
 In what direction? 6
 The dart misses the winged gargoyle.
 In what direction? 6
 The dart hits the winged gargoyle!
 The winged gargoyle hits!
 The winged gargoyle hits again!
 The winged gargoyle bites!
 Are you sure you want to pray? [yn] (n) y
 You begin praying to The Lady.
 The winged gargoyle hits!
 The winged gargoyle hits again!
 You die...
 Do you want your possessions identified? [ynq] (y) y
 Do you want to see your attributes? [ynq] (y) y
 Do you want an account of creatures vanquished? [ynaq] (y) y
 Do you want to see your conduct and achievements? [ynq] (y) y
 Do you want to see the dungeon overview? [ynq] (y) y

Inventory:
 Coins    ('$')
  $ - 66 gold pieces
 Weapons  (')')
  a - 20 blessed +3 darts (at the ready)
  P - 3 blessed rusty +3 darts
  e - a +0 elven dagger
  t - a blessed +0 axe
  i - a +0 elven broadsword
 Armor    ('[')
  C - an uncursed thoroughly rusty +1 dwarvish iron helm (being worn)
  y - a blessed thoroughly rusty +1 pair of gauntlets of power (being worn)
  N - an uncursed rotted +0 pair of elven boots
  o - an uncursed +0 pair of low boots
  I - an uncursed +0 pair of speed boots
  x - an uncursed +0 pair of water walking boots (being worn)
  S - an uncursed +0 small shield (being worn)
  U - an uncursed +0 dwarvish cloak (being worn)
  j - an uncursed +0 mummy wrapping
  k - an uncursed +0 Hawaiian shirt with a toucan motif (being worn)
  W - an uncursed +0 dwarvish mithril-coat (being worn)
 Comestibles  ('%')
  M - an uncursed banana
  h - 2 uncursed food rations
  z - an uncursed fortune cookie
  J - an uncursed K-ration
  D - an uncursed sprig of wolfsbane
  d - 5 uncursed tripe rations
  T - 2 uncursed lizard corpses
 Rings    ('=')
  Y - a cursed +0 ring of adornment
  r - a cursed -2 ring of adornment
  E - a cursed ring of polymorph
  m - a cursed -2 ring of protection
  H - an uncursed ring of sustain ability (on left hand)
  A - an uncursed ring of teleport control
  X - an uncursed ring of teleport control
 Wands    ('/')
  q - a wand of cold (0:3)
  Q - a wand of death (0:7)
  F - a wand of digging (0:6)
  b - a wand of digging (0:4)
  f - a wand of light (0:10)
  g - a blessed wand of make invisible (0:6)
  V - a wand of slow monster (0:6)
  v - a wand of speed monster (0:5)
  p - a wand of undead turning (0:6)
 Tools    ('(')
  s - an uncursed sack containing 27 items
  u - an uncursed blindfold
  Z - an uncursed brass lantern
  l - an expensive camera named sleepres,poisres (0:98)
  R - a +0 pick-axe (alternate weapon; not wielded)
  L - an uncursed skeleton key
  c - a +0 unicorn horn
 Gems/Stones  ('*')
  w - 2 uncursed jade stones
  B - an uncursed worthless piece of yellow glass
  n - an uncursed worthless piece of yellowish brown glass
  O - an uncursed touchstone

Contents of the sack:
  1963 gold pieces
  10 blessed +5 darts
  8 blessed +1 darts
  7 +2 darts
  11 +1 darts
  25 +0 darts
  2 cursed -1 darts
  8 uncursed food rations
  2 cursed scrolls of create monster
  2 uncursed scrolls of earth
  an uncursed scroll of fire
  a cursed scroll of gold detection
  a blessed scroll of identify
  an uncursed scroll of identify
  a blessed scroll of magic mapping
  an uncursed scroll of remove curse
  an uncursed scroll of scare monster
  an uncursed scroll of stinking cloud
  a blessed scroll of teleportation
  an uncursed spellbook of create familiar
  an uncursed spellbook of force bolt
  an uncursed spellbook of invisibility
  a blessed potion of booze
  an uncursed potion of fruit juice
  an uncursed potion of gain level
  an uncursed potion of healing
  2 uncursed potions of water

DiePARTEI the Tourist's attributes:

Background:
 You were an Excursionist, a level 9 male human Tourist.
 You were neutral, on a mission for The Lady
 who was opposed by Blind Io (lawful) and Offler (chaotic).
 You were right-handed.
 You were in Sokoban, on level 6.
 You entered the dungeon 7150 turns ago.
 You had 2856 experience points, 2264 more were needed to attain level 10.

Basics:
 You had 0 out of 72 hit points.
 You had all 42 energy points (spell power).
 Your armor class was 0.
 Your wallet contained 66 zorkmids, and
 you had 1963 more stashed away in your pack.
 Autopickup was off.

Final Characteristics:
 Your strength was 25 (base:16, innate limit:18/100).
 Your dexterity was 8 (limit:18).
 Your constitution was 16 (limit:18).
 Your intelligence was 10 (limit:18).
 Your wisdom was 11 (limit:18).
 Your charisma was 14 (limit:18).

Final Status:
 You weren't hungry.
 You were burdened; movement was slightly slowed.
 You were empty handed.
 You were skilled in bare handed combat.

Final Attributes:
 You were piously aligned.
 Your items were somewhat protected from fire.
 Your items were somewhat protected from cold.
 You were sleep resistant.
 You were poison resistant.
 You could walk on water.
 You were guarded.
 You were fast.
 You had fixed abilities.
 You were very unlucky.
 You are dead.

Miscellaneous:
 You didn't encounter any bones levels.
 Total elapsed playing time was 1 hour, 22 minutes and 27 seconds.

Major events:
 Turn
    1: DiePARTEI the neutral male human Tourist entered the dungeon
  779: entered the Gnomish Mines
  919: attained the rank of Sightseer (level 3)
 1152: reached Mine Town
 1479: attained the rank of Excursionist (level 6)
 4747: entered Sokoban
 4990: completed 1st Sokoban level
 5605: completed 2nd Sokoban level
 6166: completed 3rd Sokoban level
 7124: completed 4th Sokoban level
 7150: killed by a winged gargoyle, while praying

You didn't know any spells.

Skills:
 Fighting Skills
   bare handed combat [Skilled]
   two weapon combat  [Unskilled]
   riding             [Unskilled]
 Weapon Skills
   dagger             [Unskilled]
   knife              [Unskilled]
   axe                [Unskilled]
   pick-axe           [Unskilled]
   short sword        [Unskilled]
   broadsword         [Unskilled]
   long sword         [Unskilled]
   two-handed sword   [Unskilled]
   saber              [Unskilled]
   mace               [Unskilled]
   morning star       [Unskilled]
   flail              [Unskilled]
   hammer             [Unskilled]
   quarterstaff       [Unskilled]
   polearms           [Unskilled]
   spear              [Unskilled]
   trident            [Unskilled]
   lance              [Unskilled]
   bow                [Unskilled]
   sling              [Unskilled]
   crossbow           [Unskilled]
   dart               [Skilled]
   shuriken           [Unskilled]
   boomerang          [Unskilled]
   whip               [Unskilled]
   unicorn horn       [Unskilled]
 Spellcasting Skills
   divination spells  [Unskilled]
   enchantment spells [Unskilled]
   escape spells      [Unskilled]

Voluntary challenges:
 Character rerolling was not enabled.
 You never genocided any monsters.
 You never polymorphed an object.
 You never changed form.
 You used no wishes.
 You violated the special Sokoban rules twice.
Achievements:
 You entered a shop.
 You entered the Gnomish Mines.
 You attained the rank of Sightseer.
 You entered Minetown.
 You entered a temple.
 You attained the rank of Excursionist.
 You entered Sokoban.

 The Dungeons of Doom: levels 1 to 10
    Level 1:
    Level 2:
       An armor shop.
    Level 3:
    Level 4:
       Stairs down to The Gnomish Mines.
    Level 5:
    Level 6:
       Some fountains.
    Level 7:
    Level 8:
    Level 9:
    Level 10:
       Stairs up to Sokoban, level 9.
 The Gnomish Mines: levels 5 to 8
    Level 5:
    Level 6:
    Level 7:
    Level 8:
       Many shops, a temple and an altar, some fountains.
 Sokoban: levels 9 up to 6
    Level 6: <- You were here.
       Solved.
       Final resting place for
          you, killed by a winged gargoyle, while praying.
    Level 7:
       Solved.
    Level 8:
       Solved.
    Level 9:
       Solved.


Vanquished creatures:
  a giant mimic
  a large mimic
 an earth elemental
  a warg
  2 small mimics
  2 gargoyles
  a wraith
 an ettin zombie
  a soldier
  2 chameleons
  a giant beetle
  a lynx
  a mumak
  a scorpion
  2 gnome rulers
  a dwarf mummy
  2 rust monsters
  a Green-elf
  2 lizards
  a dwarf leader
  a blue jelly
  a gray unicorn
  2 ravens
 an ape
  a rope golem
  3 Woodland-elves
  4 fire ants
  3 bugbears
  a rock mole
  4 fog clouds
  a yellow light
  a shrieker
  a violet fungus
  7 gnome leaders
  3 gnomish wizards
  a barrow wight
 an elf zombie
  a straw golem
  9 dwarves
  a homunculus
  2 kobold leaders
  a centipede
  a giant bat
  4 dwarf zombies
 an iguana
  3 killer bees
 an acid blob
  4 hobbits
  8 hobgoblins
  3 giant rats
  4 cave spiders
  2 brown molds
  a red mold
 28 gnomes
  a gnome zombie
  3 geckos
  2 foxes
  2 kobolds
  2 goblins
  a sewer rat
  a grid bug
  2 lichens
  a kobold zombie
  2 newts
153 creatures vanquished.

No species were genocided or became extinct.

Game over:
                       ----------
                      /          \
                     /    REST    \
                    /      IN      \
                   /     PEACE      \
                  /                  \
                  |    DiePARTEI     |
                  |     2029 Au      |
                  |   killed by a    |
                  | winged gargoyle  |
                  |                  |
                  |                  |
                  |       2026       |
                 *|     *  *  *      | *
        _________)/\\_//(\/(/\)/\//\/|_)_______

Aloha DiePARTEI the Tourist...

You died in Sokoban on dungeon level 6 with 14498 points,
and 2029 pieces of gold, after 7150 moves.
You were level 9 with a maximum of 72 hit points when you died.

